 Dungeon Crawl Stone Soup version 0.20-a0-1065-g8446734 (webtiles) character file.

4349 galech the Grappler (level 10, -3/94 HPs)
             Began as a Troll Monk on Apr 28, 2017.
             Was a Priest of Trog.
             Slain by a killer bee (7 damage)
             ... on level 8 of the Dungeon.
             The game lasted 00:14:45 (5903 turns).

galech the Grappler (Troll Monk)                    Turns: 5903, Time: 00:14:46

Health: -3/94      AC:  7    Str: 24    XL:     10   Next: 12%
Magic:  9/9        EV: 12    Int:  6    God:    Trog [***...]
Gold:   366        SH:  0    Dex: 12    Spells: 9/9 levels left

rFire    + . .     SeeInvis .     - Unarmed
rCold    . . .     Gourm    +   (no shield)
rNeg     . . .     Faith    .   a - +0 robe
rPois    +         Spirit   .   s - +1 hat
rElec    +         Reflect  .   C - +0 cloak {MR+}
rCorr    +         Harm     +   (gloves unavailable)
MR       +++..                  (boots unavailable)
Stlth    ++........             B - amulet of harm
Regen    1.7/turn               m - ring of protection from fire
MPRegen  0.2/turn               t - ring of Butuyvux {rCorr *Corrode rElec rPois}

@: lethally poisoned (-3 -> -3), about to teleport, regenerating
A: unfitting armour, claws 3, fast metabolism 3, gourmand, regeneration 1,
shaggy fur 1, tough skin 2
a: Berserk, Trog's Hand, Burn Spellbooks, Renounce Religion


You were on level 8 of the Dungeon.
You worshipped Trog.
Trog was most pleased with you.
You were very full.

You visited 1 branch of the dungeon, and saw 8 of its levels.

You collected 366 gold pieces.

Inventory:

Armour
 a - a +0 robe (worn)
 s - a +1 hat (worn)
 C - a +0 cloak of magic resistance (worn)
Jewellery
 m - a ring of protection from fire (left claw)
 o - an uncursed ring of ice
 t - the ring of Butuyvux (right claw) {rCorr *Corrode rElec rPois}
   (You found it on level 4 of the Dungeon)

   [ring of resist corrosion]

   It insulates you from electricity.
   It protects you from poison.
   It may corrode you when you take damage.
 w - an uncursed ring of wizardry
 B - an amulet of harm (around neck)
 D - an uncursed amulet of faith {unknown}
Scrolls
 c - 5 scrolls of teleportation
 d - 2 scrolls of recharging
 f - 5 scrolls of remove curse
 h - a scroll of enchant weapon
 j - a scroll of random uselessness
 k - 2 scrolls of magic mapping
 n - 3 scrolls of blinking
 p - a scroll of fear
 y - a scroll of amnesia
 A - a scroll of immolation
 E - a scroll of silence {unknown}
Potions
 e - a potion of brilliance {unknown}
 g - 5 potions of curing {unknown}
 r - 5 potions of heal wounds {unknown}
 u - a potion of might
 z - a potion of flight
Books
 v - a book of Misfortune

   Spells                             Type                      Level
   a - Confusing Touch                Hexes                        1
   b - Confuse                        Hexes                        3
   c - Gell's Gravitas                Translocation                3
   d - Petrify                        Transmutation/Earth          4
   e - Metabolic Englaciation         Hexes/Ice                    5
   f - Yara's Violent Unravelling     Hexes/Transmutation          5
   Trog disapproves of the use of such an item.
 x - a book of Misfortune

   Spells                             Type                      Level
   a - Confusing Touch                Hexes                        1
   b - Confuse                        Hexes                        3
   c - Gell's Gravitas                Translocation                3
   d - Petrify                        Transmutation/Earth          4
   e - Metabolic Englaciation         Hexes/Ice                    5
   f - Yara's Violent Unravelling     Hexes/Transmutation          5
   Trog disapproves of the use of such an item.
Comestibles
 b - 7 bread rations
 i - 5 meat rations
 l - 7 fruits
 q - 2 royal jellies


   Skills:
 + Level 4.4 Fighting
 + Level 5.1 Dodging
 + Level 3.1 Stealth
 + Level 12.1 Unarmed Combat


You had 9 spell levels left.
You didn't know any spells.

Dungeon Overview and Level Annotations

Branches:
Dungeon (8/15)             Temple (0/1) D:6
   Lair: D:8-11

Altars:
Cheibriados
Gozag
Nemelex Xobeh
Ru
Sif Muna
Trog
Uskayaw
Vehumet
Wu Jian
Yredelemnul
Zin


Innate Abilities, Weirdness & Mutations

You are too large for most types of armour.
You have claws for hands.
Your metabolism is lightning-fast.
You like to eat raw meat.
Your natural rate of healing is unusually fast.
You are covered in fur. (AC +1)
You have very tough skin. (AC +2)


Message History

* * * LOW HITPOINT WARNING * * *
The killer bee stings you.
* * * LOW HITPOINT WARNING * * *
You are more poisoned.
The killer bee poisons you! The killer bee closely misses you.
Okay, then.
As you read the scroll of teleportation, it crumbles to dust.
You feel strangely unstable.
You feel sick. The killer bee stings you.
* * * LOW HITPOINT WARNING * * *
The killer bee stings you but does no damage.
The killer bee stings you.
* * * LOW HITPOINT WARNING * * *
The killer bee misses you.
You feel very sick. The killer bee barely misses you.
You feel the effects of Trog's Hand fading.
You feel sick. The killer bee barely misses you. The killer bee stings you.
* * * LOW HITPOINT WARNING * * *
You feel sick. The killer bee stings you.
You die...

........##.###### ##........
......#.........# #..<.....
=..###........#.#### ###........
.### #........#....####..........
.# ###........###................
.###................###.#........
.....#.........#.....#..#########
.#####.......#...y.....#### ..
#.......###@y..†...... #.#
#........# #.###..####.
.....########...# ##.... ###..
#..... #.....# ..# #...... .....#
#...!.... ..... #........ ...#
.......... ...#


You could see 2 killer bees.

Vanquished Creatures
  2 two-headed ogres
  A hippogriff (D:8)
  Menkaure (D:5)
  A sky beast (D:7)
  An ice beast (D:8)
  9 ogres
  A centaur (D:6)
  2 big kobolds
  5 bullfrogs
  3 scorpions
  2 killer bees (D:8)
  A howler monkey (D:4)
  3 bullfrog zombies
  4 crimson imps
  An orc priest (D:6)
  2 jellies
  A bullfrog skeleton (D:7)
  Crazy Yiuf (D:7)
  3 hounds
  2 iguanas
  4 orc wizards
  4 worker ants
  Terence (D:2)
  A hound skeleton (D:8)
  A worker ant zombie (D:6)
  7 gnolls
  8 adders
  An ooze (D:6)
  2 adder zombies (D:6)
  2 worms
  2 dart slugs
  2 leopard geckos
  15 orcs
  10 bats
  3 giant cockroaches
  9 goblins
  6 hobgoblins
  8 jackals
  3 quokkas
  A ball python (D:7)
  2 frilled lizards
  A jackal skeleton (D:4)
  14 kobolds
  12 rats
165 creatures vanquished.

Notes
Turn   | Place    | Note
-------+----------+-------------------------------------------
     0 | D:1      | galech the Troll Monk began the quest for the Orb.
     0 | D:1      | Reached XP level 1. HP: 22/22 MP: 0/0
   136 | D:1      | Reached XP level 2. HP: 24/29 MP: 1/1
   727 | D:2      | Reached XP level 3. HP: 25/36 MP: 2/2
   852 | D:2      | Noticed Terence
   858 | D:2      | Killed Terence
   870 | D:2      | Reached skill level 4 in Unarmed Combat
   942 | D:2      | Reached XP level 4. HP: 44/44 MP: 3/3
   947 | D:2      | Found a sacrificial altar of Ru.
  1003 | D:2      | Found a glowing silver altar of Zin.
  1641 | D:3      | Found a radiant altar of Vehumet.
  1664 | D:3      | Found a sparkling altar of Nemelex Xobeh.
  1939 | D:3      | Reached XP level 5. HP: 50/50 MP: 4/4
  2048 | D:4      | Noticed an ogre
  2058 | D:4      | Killed an ogre
  2058 | D:4      | Reached skill level 5 in Unarmed Combat
  2061 | D:4      | Reached XP level 6. HP: 32/59 MP: 5/5
  2232 | D:4      | Reached skill level 6 in Unarmed Combat
  2421 | D:4      | Reached XP level 7. HP: 57/67 MP: 6/6
  2474 | D:4      | Got a steaming bronze ring
  2476 | D:4      | Identified the ring of Butuyvux {rCorr *Corrode rElec rPois} (You found it on level 4 of the Dungeon)
  2491 | D:4      | Reached skill level 7 in Unarmed Combat
  2794 | D:5      | Entered Level 5 of the Dungeon
  2849 | D:5      | Noticed Menkaure
  2870 | D:5      | Killed Menkaure
  2989 | D:5      | Reached XP level 8. HP: 76/76 MP: 7/7
  3009 | D:5      | Noticed a two-headed ogre
  3017 | D:5      | Killed a two-headed ogre
  3017 | D:5      | Reached skill level 9 in Unarmed Combat
  3160 | D:5      | Found a snail-covered altar of Cheibriados.
  3161 | D:5      | Found a bloodstained altar of Trog.
  3164 | D:5      | Found an opulent altar of Gozag.
  3175 | D:5      | Became a worshipper of Trog the Wrathful
  3175 | D:5      | Reached * piety under Trog
  3175 | D:5      | Reached ** piety under Trog
  3574 | D:5      | Found a sparkling altar of Nemelex Xobeh.
  3716 | D:6      | Found a staircase to the Ecumenical Temple.
  3948 | D:6      | Reached XP level 9. HP: 81/84 MP: 8/8
  3959 | D:6      | Reached skill level 10 in Unarmed Combat
  4619 | D:7      | Found an ornate altar of the Wu Jian Council.
  4889 | D:7      | Found a deep blue altar of Sif Muna.
  5041 | D:7      | Reached skill level 11 in Unarmed Combat
  5145 | D:7      | Found a runed door.
  5149 | D:7      | Noticed Crazy Yiuf
  5153 | D:7      | Killed Crazy Yiuf
  5221 | D:7      | Found a hide-covered altar of Uskayaw.
  5486 | D:8      | Reached *** piety under Trog
  5490 | D:8      | Found a basalt altar of Yredelemnul.
  5664 | D:8      | Noticed a two-headed ogre
  5691 | D:8      | Killed a two-headed ogre
  5691 | D:8      | Reached skill level 5 in Dodging
  5691 | D:8      | Reached XP level 10. HP: 30/94 MP: 9/9
  5807 | D:8      | Reached skill level 12 in Unarmed Combat
  5903 | D:8      | HP: 4/94 [poisoned by a killer bee]
  5903 | D:8      | Slain by a killer bee

Vault maps used:
D:1:      dpeg_arrival_three_smaller_balls
D:2:      lemuel_coloured_pillars_altar, nicolae_overflow_crystal_walls,
          minmay_misc_feat_x, uniq_terence
D:3:      overflow_temple_1_default, lemuel_doored_altar, glass_columns_b
D:5:      minitemple, basic_altar, first_bread, grunt_ministairs_11,
          uniq_menkaure
D:6:      minmay_temple_entry_statues_fountains
D:7:      nicolae_overflow_hidden_temple, kennysheep_mini_moat,
          lemuel_round_altar, kennysheep_donut, uniq_crazy_yiuf_cottage
D:8:      lemuel_crystal_altar, serial_shops, shop

Skill      XL: |  1  2  3  4  5  6  7  8  9 10 |
---------------+-------------------------------+-----
Dodging        | 3 4 5 |  5.1
Unarmed Combat | 4 5 6 7 9 11 12 | 12.1
Fighting       | 3 4 |  4.4
Stealth        | 2 3 |  3.1

Action                   |  1- 3 |  4- 6 |  7- 9 | 10-12 || total
-------------------------+-------+-------+-------+-------++-------
Melee: Unarmed           |    89 |   102 |   229 |    31 ||   451
       Punch             |     1 |     3 |     9 |     2 ||    15
Invok: Trog's Hand       |       |       |     1 |     1 ||     2
  Use: Scroll            |       |       |    12 |     1 ||    13
 Stab: Sleeping          |     2 |     2 |     7 |       ||    11
       Distracted        |       |       |       |     1 ||     1
  Eat: Chunk             |    14 |    14 |    29 |     2 ||    59
Armor: Robe              |    23 |    22 |    47 |    14 ||   106
Dodge: Dodged            |    40 |    56 |    91 |    50 ||   237
